 Dungeon Crawl Stone Soup version 0.31-b1-22-gc680215f68 (webtiles) character file.

Game seed: 10059410831220843563

9 PaiMei the Grave Robber (level 2, -3/19 HPs)
             Began as a Demonspawn Necromancer on Jan 18, 2024.
             Slain by Terence
             ... wielding a +2 heavy hand axe
              (9 damage)
             ... on level 2 of the Dungeon.
             The game lasted 00:00:58 (568 turns).

PaiMei the Grave Robber (Demonspawn Necromancer)     Turns: 568, Time: 00:00:58

Health: -3/19      AC:  2    Str:  8    XL:     2   Next: 3%
Magic:  0/5        EV: 12    Int: 15    God:
Gold:   6          SH:  0    Dex: 13    Spells: 4/5 levels left

rFire   . . .        (no weapon)
rCold   . . .        (no shield)
rNeg    . . .        a - +0 robe
rPois   .            (no helmet)
rElec   .            (no cloak)
rCorr   .            (no gloves)
SInv    .            (no boots)
Will    .....        (no amulet)
Stlth   ++           (no ring)
HPRegen 0.23/turn    (no ring)
MPRegen 0.09/turn

%: no passive effects
@: no status effects
A: hooves 1
a: no special abilities


You were on level 2 of the Dungeon.
You visited 1 branch of the dungeon, and saw 2 of its levels.

You collected 6 gold pieces.

Inventory:

Armour
 a - a +0 robe (worn)
Talismans
 c - a beast talisman
Scrolls
 d - a scroll of blinking {unknown}
 e - 2 scrolls of identify {unknown}
Potions
 b - a potion of magic


   Skills:
 + Level 0.0 Fighting
 + Level 2.0 Dodging
 - Level 2.0 Stealth
 + Level 2.2 Spellcasting
 + Level 4.5 Necromancy


You had 4 spell levels left.
You knew the following spells:

 Your Spells              Type           Power      Damage    Failure   Level
a - Necrotise             Necr           60%        1d7       3%          1

Your spell library contained the following spells:

 Spells                   Type           Power      Damage    Failure   Level
 Vampiric Draining        Necr           15%        2d7       11%         3
 Animate Dead             Necr           15%        N/A       34%         4
 Curse of Agony           Necr           15%        N/A       67%         5


Dungeon Overview and Level Annotations

Branches:
Dungeon (2/15)

Altars:

Annotations:
D:2 Terence


Innate Abilities, Weirdness & Mutations

You have large cloven feet.


Message History

Confirm with . or Enter, or press ? or * to list all spells.
Aiming: Necrotise (safe; 3% risk of failure)
Press: ? - help, Shift-Dir - straight line, f/p - Terence
Aim: Terence, wielding a +2 heavy hand axe and wearing a +0 scale mail (lightly wounded, chance to affect: 79%) Terence writhes in agony.
Terence hits you with a +2 heavy hand axe.
Casting: Necrotise (safe; 3% risk of failure)
Confirm with . or Enter, or press ? or * to list all spells.
Aiming: Necrotise (safe; 3% risk of failure)
Press: ? - help, Shift-Dir - straight line, f/p - Terence
Aim: Terence, wielding a +2 heavy hand axe and wearing a +0 scale mail (moderately wounded, chance to affect: 79%) Terence writhes in agony.
Casting: Necrotise (safe; 3% risk of failure)
Confirm with . or Enter, or press ? or * to list all spells.
You don't have enough magic to cast this spell.
Casting: Necrotise (safe; 3% risk of failure)
Confirm with . or Enter, or press ? or * to list all spells.
You don't have enough magic to cast this spell.
Casting: Necrotise (safe; 3% risk of failure)
Confirm with . or Enter, or press ? or * to list all spells.
You don't have enough magic to cast this spell.
Casting: Necrotise (safe; 3% risk of failure)
Confirm with . or Enter, or press ? or * to list all spells.
You don't have enough magic to cast this spell.
Casting: Necrotise (safe; 3% risk of failure)
Confirm with . or Enter, or press ? or * to list all spells.
You don't have enough magic to cast this spell.
You hit Terence.
Terence is heavily wounded.
Terence hits you with a +2 heavy hand axe!
Ouch! That really hurt!
Casting: Necrotise (safe; 3% risk of failure)
Confirm with . or Enter, or press ? or * to list all spells.
You don't have enough magic to cast this spell.
You hit Terence. You kick Terence, but do no damage.
Terence is heavily wounded.
Terence shouts, "Now you die!"
Terence hits you with a +2 heavy hand axe!
You die...
Terence says, "Time to find some more victims."

.....# ..#.#
.####.#.#
......#.###
##........
.........###
>......@...#
#. #...#@.#
..#.....(#
#.#..##.##
#.#..##.##.#
#..........#
##...#######
#...# #>..#
#...#


You could see Terence.

Vanquished Creatures
  An endoplasm (D:1)
  2 giant cockroaches
  2 hobgoblins
  A bat (D:2)
  A frilled lizard (D:2)
  A rat (D:2)
8 creatures vanquished.

Notes
Turn   | Place    | Note
-------+----------+-------------------------------------------
     0 | D:1      | PaiMei the Demonspawn Necromancer began the quest for the
                  | Orb.
     0 | D:1      | Reached XP level 1. HP: 13/13 MP: 3/3
   233 | D:1      | You fall into a shaft and drop 1 floor!
   507 | D:2      | Discovered your monstrous ancestry.
   507 | D:2      | Gained mutation: You have large cloven feet. [demonic
                  | ancestry]
   507 | D:2      | Reached XP level 2. HP: 19/19 MP: 1/5
   559 | D:2      | Noticed Terence
   568 | D:2      | Slain by Terence

Illustrated notes

Levels and vault maps discovered:
D:1:      eino_arrival_cavern_b, layout_basic
D:2:      layout_loops_cross, basic_altar, uniq_terence

Skill      XL: |  1 |
---------------+----+-----
Stealth        | 2 |  2.0
Dodging        | 2 |  2.0
Spellcasting   | |  2.2
Necromancy     | |  4.5

Action                     || total
---------------------------++-------
  Melee: Unarmed           ||    22
         Kick              ||     1
   Cast: Necrotise         ||    19
 Armour: Robe              ||    10
  Dodge: Dodged            ||    18
